[Event "BSV - Berliner Einzelmeisterschaft 2025 "]
[Site "Berlin, Germany"]
[Date "2025.04.26"]
[Round "8.13"]
[White "Richter, Michael"]
[Black "Torosyan, Bagrat"]
[Result "1-0"]
[ECO "C45"]
[WhiteElo "2402"]
[BlackElo "2145"]
[PlyCount "67"]
[GameId "2170993180876841"]
[EventDate "2025.??.??"]
[TimeControl "40/6600:1800+30"]

1. e4 e5 2. Nf3 Nc6 3. d4 exd4 4. Nxd4 Bc5 5. Nb3 Bb6 6. Qe2 a5 7. a4 Nge7 8. Nc3 O-O 9. Bg5 h6 10. Be3 Bxe3 11. Qxe3 d6 12. O-O-O f5 13. f4 fxe4 14. Qxe4 Bf5 15. Qf3 Kh8 16. g4 Ne5 17. Qg3 Bxg4 18. fxe5 Bxd1 19. Nxd1 Nf5 20. Qg4 dxe5 21. Bd3 Qg5+ 22. Qxg5 hxg5 23. Rg1 Nd6 24. Nc5 Rf4 25. Rxg5 e4 26. Rh5+ Kg8 27. Be2 Re8 28. Ne3 g6 29. Rg5 Kg7 30. Kd2 b6 31. Nb3 Rd8 32. Ke1 Nf5 33. Ng2 Kf6 34. Nxf4 1-0

[Event "BSV - Berliner Einzelmeisterschaft 2025 "]
[Site "Berlin, Germany"]
[Date "2025.04.26"]
[Round "8.14"]
[White "Matthes, Aaron"]
[Black "Caglar, Ertan"]
[Result "1-0"]
[ECO "A84"]
[WhiteElo "2253"]
[BlackElo "1836"]
[PlyCount "85"]
[GameId "2170993180876843"]
[EventDate "2025.??.??"]
[TimeControl "40/6600:1800+30"]

1. d4 f5 2. Bf4 Nf6 3. e3 e6 4. Nf3 Be7 5. h3 d5 6. Bd3 c6 7. c4 O-O 8. Nc3 Ne4 9. O-O Nd7 10. Rc1 g5 11. Bh2 Qe8 12. Ne5 h5 13. Bxe4 dxe4 14. d5 Bf6 15. Nxd7 Bxd7 16. Bd6 Be7 17. Bxe7 Qxe7 18. Qxh5 Rf7 19. Qe2 Rh7 20. f3 exf3 21. Qxf3 e5 22. dxc6 bxc6 23. Nd5 Qg7 24. Nc3 Rh4 25. Rcd1 Rf8 26. Rd6 Rxc4 27. Rfd1 Be8 28. e4 fxe4 29. Qe2 Rd4 30. R1xd4 exd4 31. Qc4+ Bf7 32. Qxd4 Qxd4+ 33. Rxd4 Bg6 34. Nxe4 Bxe4 35. Rxe4 Rf5 36. Ra4 Rb5 37. b3 Kf7 38. Rxa7+ Ke6 39. Ra4 Kf5 40. Rc4 Ra5 41. a4 c5 42. Kf2 Ke5 43. Ke3 1-0

[Event "BSV - Berliner Einzelmeisterschaft 2025 "]
[Site "Berlin, Germany"]
[Date "2025.04.26"]
[Round "8.15"]
[White "Vollmar, Timo"]
[Black "Foerster, Jonas"]
[Result "0-1"]
[ECO "B15"]
[WhiteElo "1882"]
[BlackElo "2266"]
[PlyCount "108"]
[GameId "2170993180868642"]
[EventDate "2025.??.??"]
[TimeControl "40/6600:1800+30"]

1. e4 c6 2. d4 d5 3. f3 g6 4. Nc3 Bg7 5. Be3 Qb6 6. Qd2 dxe4 7. fxe4 Nf6 8. O-O-O Ng4 9. Bg5 h6 10. Bh4 Nf6 11. Bc4 Bg4 12. Nf3 Bxf3 13. gxf3 e6 14. e5 Nd5 15. Ne4 Na6 16. Nd6+ Kd7 17. Nxf7 Rhf8 18. Nxh6 Qb4 19. Qxb4 Naxb4 20. Ng4 b5 21. Bxd5 Nxd5 22. Rhf1 Rf5 23. Rf2 Raf8 24. Rdf1 Rh8 25. Bg3 Bf8 26. Kd2 c5 27. c3 Kc6 28. Ne3 Nxe3 29. Kxe3 Kd5 30. Rd1 c4 31. Rg1 Be7 32. Rb1 Rc8 33. Rg2 a5 34. Be1 g5 35. Bd2 b4 36. Ke2 Rh8 37. Rf1 Rh3 38. f4 bxc3 39. bxc3 gxf4 40. Rf3 Rh4 41. h3 Bg5 42. Rg1 Ke4 43. Kf2 Rh7 44. Re1+ Kd5 45. Rb1 Bh4+ 46. Ke2 Bg3 47. Rb6 Rxh3 48. Rf1 Ke4 49. Rxe6 f3+ 50. Kd1 Bh4 51. Rh6 Kd3 52. e6 f2 53. e7 Rh1 54. Rxh1 f1=Q+ 0-1

[Event "BSV - Berliner Einzelmeisterschaft 2025 "]
[Site "Berlin, Germany"]
[Date "2025.04.26"]
[Round "8.1"]
[White "Alten, Silvio"]
[Black "Teschke, Max"]
[Result "0-1"]
[ECO "A03"]
[WhiteElo "1980"]
[BlackElo "1968"]
[PlyCount "136"]
[GameId "2170993180868638"]
[EventDate "2025.??.??"]
[TimeControl "40/6600:1800+30"]

1. f4 d5 2. e3 c5 3. Nf3 g6 4. c4 Nf6 5. b3 d4 6. exd4 cxd4 7. Bb2 Nc6 8. Na3 Bg7 9. Nb5 Nh5 10. g3 a6 11. Na3 Bg4 12. Bg2 Nb4 13. d3 O-O 14. Nc2 Nc6 15. O-O Qd7 16. Qd2 Bf6 17. Qf2 Rad8 18. Rae1 Bxf3 19. Bxf3 Ng7 20. Re2 a5 21. Ba3 Rfe8 22. Rfe1 e6 23. Bc5 Nf5 24. Qg2 Qc7 25. Be4 Ng7 26. Na3 Nb8 27. Ba7 b6 28. Nb5 Qc5 29. Bxb8 Rxb8 30. a3 e5 31. fxe5 Rxe5 32. Qf2 Nf5 33. Bd5 Rxd5 34. g4 Bh4 35. Qf4 Rdd8 36. gxf5 Bxe1 37. fxg6 hxg6 38. Rxe1 Qf5 39. Qxf5 gxf5 40. Re5 Re8 41. Rxf5 Re3 42. Rg5+ Kf8 43. Rg3 Rbe8 44. Rg4 Rxd3 45. Nxd4 Rd2 46. Kf1 Rxh2 47. b4 Re3 48. Nb5 Rb3 49. Kg1 Rc2 50. Rf4 Rb1+ 51. Rf1 Rxf1+ 52. Kxf1 Rxc4 53. bxa5 bxa5 54. Ke2 Rc5 55. Nd4 Rc3 56. Nb5 Rb3 57. a4 Ke7 58. Nd4 Ra3 59. Nc6+ Kd6 60. Nxa5 Rxa4 61. Nb3 Ra2+ 62. Nd2 Ke5 63. Ke3 Rxd2 64. Kxd2 Kf4 65. Ke2 Kg3 66. Kf1 f5 67. Kg1 f4 68. Kf1 Kf3 0-1

[Event "BSV - Berliner Einzelmeisterschaft 2025 "]
[Site "Berlin, Germany"]
[Date "2025.04.27"]
[Round "9.1"]
[White "Ermitsch, Magnus"]
[Black "Vavulin, Maxim"]
[Result "1/2-1/2"]
[ECO "C93"]
[WhiteElo "2401"]
[BlackElo "2527"]
[PlyCount "61"]
[GameId "2171245339156561"]
[EventDate "2025.??.??"]
[TimeControl "40/6600:1800+30"]

1. e4 e5 2. Nf3 Nc6 3. Bb5 a6 4. Ba4 Nf6 5. O-O Be7 6. d3 d6 7. c3 O-O 8. Re1 Re8 9. h3 h6 10. Nbd2 Bf8 11. d4 b5 12. Bc2 Bb7 13. b3 Nb8 14. Nf1 exd4 15. Nxd4 Nxe4 16. Nf5 Nf6 17. N1g3 Nbd7 18. Be3 Nc5 19. b4 Nce4 20. Nxe4 Bxe4 21. Bxe4 Rxe4 22. Qf3 d5 23. Bd4 Rxe1+ 24. Rxe1 Ne4 25. Qf4 c6 26. h4 h5 27. f3 Nd6 28. Ng3 Qd7 29. Re5 Re8 30. Rxe8 Qxe8 31. Nxh5 1/2-1/2

[Event "BSV - Berliner Einzelmeisterschaft 2025 "]
[Site "Berlin, Germany"]
[Date "2025.04.27"]
[Round "9.2"]
[White "Klenburg, Mikhail"]
[Black "Czernek, Tymon"]
[Result "0-1"]
[ECO "A09"]
[WhiteElo "2338"]
[BlackElo "2374"]
[PlyCount "86"]
[GameId "2171245339156570"]
[EventDate "2025.??.??"]
[TimeControl "40/6600:1800+30"]

1. Nf3 c5 2. g3 d5 3. c4 d4 4. b4 cxb4 5. a3 bxa3 6. Bxa3 Nc6 7. d3 g6 8. Bg2 Bg7 9. O-O Nf6 10. Nbd2 O-O 11. Nb3 Re8 12. Nfd2 e5 13. Nc5 Bf8 14. Qa4 Nd7 15. Nce4 Nb6 16. Qb3 Rb8 17. Rfb1 Bg4 18. h3 Be6 19. Bxf8 Rxf8 20. Nc5 Qe7 21. Qa3 h6 22. Bxc6 bxc6 23. Qxa7 Qxa7 24. Rxa7 Bxh3 25. Ra6 Nd7 26. Rxc6 Rxb1+ 27. Nxb1 Rb8 28. Nd2 Nxc5 29. Rxc5 Rb2 30. Ne4 f5 31. Nf6+ Kf7 32. Nd7 e4 33. Ne5+ Kf6 34. Rd5 e3 35. fxe3 dxe3 36. d4 Rxe2 37. Rd6+ Ke7 38. Rxg6 Re1+ 39. Kh2 e2 40. Nd3 Rd1 41. d5 Bg4 42. d6+ Kf8 43. Rf6+ Kg7 0-1

[Event "BSV - Berliner Einzelmeisterschaft 2025 "]
[Site "Berlin, Germany"]
[Date "2025.04.27"]
[Round "9.3"]
[White "Florstedt, Johannes"]
[Black "Bueyuekasik, Diyap"]
[Result "1-0"]
[ECO "B86"]
[WhiteElo "2382"]
[BlackElo "2236"]
[PlyCount "59"]
[GameId "2171245339156565"]
[EventDate "2025.??.??"]
[TimeControl "40/6600:1800+30"]

1. e4 c5 2. Nf3 d6 3. d4 cxd4 4. Nxd4 Nf6 5. Nc3 a6 6. Bc4 e6 7. Be3 Qc7 8. Bb3 Nbd7 9. f3 Nc5 10. g4 b5 11. a3 Rb8 12. Qd2 Nfd7 13. O-O-O Ne5 14. Kb1 Bd7 15. Qe2 Qb7 16. f4 Nc6 17. f5 Ne5 18. Rhf1 a5 19. fxe6 fxe6 20. Nf3 Ng6 21. Ng5 Nxb3 22. Qf2 Ne5 23. Nf7 Nxf7 24. Qxf7+ Kd8 25. cxb3 b4 26. Bg5+ Kc7 27. Na4 Qb5 28. Rc1+ Kb7 29. Rfd1 bxa3 30. Rc5 1-0

[Event "BSV - Berliner Einzelmeisterschaft 2025 "]
[Site "Berlin, Germany"]
[Date "2025.04.27"]
[Round "9.4"]
[White "Hesse, Henrik"]
[Black "Berger, Steve"]
[Result "0-1"]
[ECO "A13"]
[WhiteElo "2252"]
[BlackElo "2425"]
[PlyCount "104"]
[GameId "2171245339156562"]
[EventDate "2025.??.??"]
[TimeControl "40/6600:1800+30"]

1. c4 e6 2. g3 d5 3. Bg2 d4 4. Nf3 c5 5. e3 Nc6 6. exd4 cxd4 7. d3 Nf6 8. O-O Bc5 9. Na3 O-O 10. Nc2 a5 11. a3 e5 12. Bd2 Bf5 13. Re1 Bxd3 14. Nxe5 Nxe5 15. Rxe5 Bxc2 16. Qxc2 d3 17. Qd1 Bxf2+ 18. Kh1 Qc7 19. Bc3 Qxc4 20. Rf5 Ne4 21. Rf4 Nxc3 22. bxc3 Qc5 23. Qxd3 Rad8 24. Qf3 Be3 25. Re4 Qxc3 26. Rf1 Bd2 27. Qxc3 Bxc3 28. Rc4 Bb2 29. a4 b6 30. Rc7 Be5 31. Rb7 Bd4 32. Bc6 Bc5 33. Bb5 Rd4 34. Rf4 Rxf4 35. gxf4 f5 36. Bc4+ Kh8 37. Kg2 g6 38. h4 Re8 39. h5 gxh5 40. Bd3 Rg8+ 41. Kf3 Re8 42. Bxf5 Re3+ 43. Kg2 Ra3 44. Bd7 h4 45. Bc6 h3+ 46. Kh2 Bd6 47. Rf7 Kg8 48. Bd5 Rd3 49. Be6 h6 50. Rd7+ Kf8 51. Kh1 Ke8 52. Bf5 Rd1+ 0-1

[Event "BSV - Berliner Einzelmeisterschaft 2025 "]
[Site "Berlin, Germany"]
[Date "2025.04.27"]
[Round "9.5"]
[White "Polzin, Rainer"]
[Black "Yatskar, Martin"]
[Result "0-1"]
[ECO "C73"]
[WhiteElo "2401"]
[BlackElo "2169"]
[PlyCount "104"]
[GameId "2171245339156559"]
[EventDate "2025.??.??"]
[TimeControl "40/6600:1800+30"]

1. e4 e5 2. Nf3 Nc6 3. Bb5 a6 4. Ba4 Nf6 5. O-O d6 6. Bxc6+ bxc6 7. d4 exd4 8. Qxd4 Be7 9. Nc3 O-O 10. h3 Re8 11. Bf4 Nd7 12. Rfe1 Rb8 13. b3 Nc5 14. Qd2 Bf8 15. Rad1 Bd7 16. Bg3 f6 17. Nd4 Qe7 18. f3 Qf7 19. Bf2 Qg6 20. g4 h5 21. Nde2 Ne6 22. Be3 Ng5 23. Bxg5 fxg5 24. Kg2 h4 25. Nc1 Be7 26. Nd3 Rbd8 27. e5 Bc8 28. Ne4 c5 29. Qa5 Rd7 30. Nef2 Bf8 31. Qa4 d5 32. e6 Rxe6 33. Ne5 Qe8 34. Nxd7 Rxe1 35. Rxe1 Qxe1 36. Nxf8 Kxf8 37. Qc6 Qe5 38. Qxc5+ Ke8 39. Kf1 Bb7 40. Qb4 Bc6 41. a4 d4 42. Nd3 Qh2 43. Qxd4 Qxh3+ 44. Ke1 Qxf3 45. Qe5+ Kf8 46. Qxg5 h3 47. Qd8+ Be8 48. Qxc7 Qxg4 49. Qd6+ Kg8 50. Qb8 Qh5 51. Qh2 Qf3 52. Kd2 Qg2+ 0-1

[Event "BSV - Berliner Einzelmeisterschaft 2025 "]
[Site "Berlin, Germany"]
[Date "2025.04.27"]
[Round "9.6"]
[White "Jahnz, Laurin"]
[Black "Ahmadinia, Ebrahim"]
[Result "1/2-1/2"]
[ECO "B30"]
[WhiteElo "2192"]
[BlackElo "2396"]
[PlyCount "109"]
[GameId "2171245339156572"]
[EventDate "2025.??.??"]
[TimeControl "40/6600:1800+30"]

1. e4 c5 2. Nf3 Nc6 3. Bc4 e6 4. O-O Nf6 5. Re1 Nxe4 6. Rxe4 d5 7. Bxd5 Qxd5 8. Nc3 Qf5 9. d4 cxd4 10. Nxd4 Nxd4 11. Rxd4 Be7 12. Be3 O-O 13. Rf4 Qe5 14. Rg4 f6 15. Re4 Qc7 16. Rd4 Qc6 17. Qh5 Rf7 18. Qb5 Rb8 19. Qxc6 bxc6 20. Na4 e5 21. Rd2 Bf5 22. b3 Bf8 23. Rad1 Rfb7 24. Nc5 Rb5 25. Nd7 R8b7 26. Nxf8 Kxf8 27. b4 Kf7 28. Bc5 Rc7 29. a4 Rbb7 30. c3 a6 31. a5 Rc8 32. Rd6 g5 33. Kf1 h5 34. Ke2 h4 35. h3 Be6 36. Rd8 Rbb8 37. Rxc8 Rxc8 38. Rd6 Bd5 39. f3 Bc4+ 40. Ke3 Bf1 41. Kf2 Bb5 42. Bb6 Ke7 43. Bc5 Kf7 44. Bb6 Re8 45. Bd8 Re6 46. Rxe6 Kxe6 47. Bb6 Bc4 48. Bd8 Kf7 49. Bb6 Kg6 50. Bc7 Bd5 51. Bd8 f5 52. Bc7 Kf6 53. Bd8+ Kg6 54. Bc7 Kf6 55. Bd8+ 1/2-1/2

[Event "BSV - Berliner Einzelmeisterschaft 2025 "]
[Site "Berlin, Germany"]
[Date "2025.04.27"]
[Round "9.7"]
[White "Poltorak, Sebastian"]
[Black "Rose, Daniel"]
[Result "1-0"]
[ECO "D35"]
[WhiteElo "2417"]
[BlackElo "2022"]
[PlyCount "89"]
[GameId "2171245339156563"]
[EventDate "2025.??.??"]
[TimeControl "40/6600:1800+30"]

1. d4 d5 2. c4 e6 3. Nc3 Nf6 4. cxd5 exd5 5. Bg5 Be6 6. Nf3 c6 7. e3 h6 8. Bh4 Bd6 9. Bd3 Nbd7 10. O-O O-O 11. Rc1 Re8 12. Re1 Rc8 13. Bb1 Qb6 14. Qc2 g6 15. Qd2 Bg4 16. e4 dxe4 17. Nxe4 Nxe4 18. Bxe4 Kg7 19. a3 Qc7 20. Bg3 Bxg3 21. hxg3 Nf6 22. Ne5 Rcd8 23. Qc3 Qd6 24. Nxg4 Rxe4 25. Nxf6 Rxe1+ 26. Rxe1 Qxf6 27. Re5 Rd5 28. Rxd5 cxd5 29. Qc5 Qe6 30. Qxa7 Qe1+ 31. Kh2 Qxf2 32. Qxb7 Qxd4 33. Qb3 Qe5 34. a4 d4 35. Qd3 h5 36. a5 h4 37. a6 hxg3+ 38. Kh3 f5 39. a7 f4 40. Kg4 Qe6+ 41. Kf3 Qd5+ 42. Qe4 Qh5+ 43. Kxf4 Qh4+ 44. Kf3 Qf6+ 45. Kg4 1-0

[Event "BSV - Berliner Einzelmeisterschaft 2025 "]
[Site "Berlin, Germany"]
[Date "2025.04.27"]
[Round "9.8"]
[White "Krefenstein, Sergej"]
[Black "Jahnz, Fabian"]
[Result "0-1"]
[ECO "B30"]
[WhiteElo "2013"]
[BlackElo "2242"]
[PlyCount "50"]
[GameId "2171245339156569"]
[EventDate "2025.??.??"]
[TimeControl "40/6600:1800+30"]

1. e4 c5 2. Nf3 Nc6 3. Bb5 e6 4. Bxc6 bxc6 5. d3 Ne7 6. O-O Ng6 7. b3 e5 8. Bb2 d6 9. c3 Be7 10. d4 Ba6 11. Re1 Nf4 12. Re3 f6 13. g3 Ne6 14. d5 cxd5 15. Qxd5 Nc7 16. Qd2 d5 17. exd5 Nxd5 18. Re1 Bb7 19. Nh4 Qc8 20. c4 Nf4 21. Nc3 g5 22. gxf4 gxh4 23. Nd5 Qh3 24. Kh1 Rg8 25. Rg1 Qf3+ 0-1

[Event "BSV - Berliner Einzelmeisterschaft 2025 "]
[Site "Berlin, Germany"]
[Date "2025.04.27"]
[Round "9.9"]
[White "Matviienko, Mykhailo"]
[Black "Richter, Michael"]
[Result "0-1"]
[ECO "A13"]
[WhiteElo "2158"]
[BlackElo "2402"]
[PlyCount "112"]
[GameId "2171245339156567"]
[EventDate "2025.??.??"]
[TimeControl "40/6600:1800+30"]

1. c4 e6 2. g3 d5 3. Bg2 Nf6 4. Nf3 Be7 5. b3 d4 6. O-O c5 7. d3 Nc6 8. Bf4 Nd7 9. Na3 e5 10. Bd2 O-O 11. Nc2 f5 12. Rb1 a5 13. a3 Bf6 14. Nfe1 Qe7 15. e4 f4 16. gxf4 exf4 17. Bxf4 Nde5 18. Qd2 g5 19. Bg3 Ng6 20. Qe2 Be5 21. Bf3 Nf4 22. Qd1 Bh3 23. Ng2 Kh8 24. Nce1 Rf7 25. Bxf4 gxf4 26. Bg4 Bxg4 27. Qxg4 Rg8 28. Qh3 Qf8 29. Kh1 Rf6 30. Nf3 Rh6 31. Ngh4 Bf6 32. Rg1 Bxh4 33. Nxh4 Ne5 34. Rxg8+ Qxg8 35. Rg1 Qd8 36. Qf5 Nxd3 37. h3 Rxh4 38. Qf7 Rxh3+ 39. Kg2 Rh6 40. Kf1 Rg6 41. Rxg6 hxg6 42. Qxg6 Qh4 43. Qe8+ Kg7 44. Qd7+ Kf8 45. Qc8+ Kf7 46. Qxb7+ Qe7 47. Qd5+ Qe6 48. Qh5+ Ke7 49. Qf3 Ne5 50. Qh5 a4 51. Qh4+ Kd7 52. bxa4 Qxc4+ 53. Kg2 f3+ 54. Kh2 Qe6 55. a5 Qg6 56. Qh3+ Kc7 0-1

[Event "BSV - Berliner Einzelmeisterschaft 2025 "]
[Site "Berlin, Germany"]
[Date "2025.04.27"]
[Round "9.10"]
[White "Noeldner, Julian"]
[Black "Heerde, Thomas"]
[Result "1-0"]
[ECO "A40"]
[WhiteElo "2279"]
[BlackElo "1983"]
[PlyCount "37"]
[GameId "2171245339156564"]
[EventDate "2025.??.??"]
[TimeControl "40/6600:1800+30"]

1. e4 c5 2. Nf3 g6 3. c4 Bg7 4. d4 d6 5. Nc3 Qa5 6. h3 Nf6 7. Bd3 Nc6 8. Be3 Nd7 9. Be2 e5 10. dxc5 dxc5 11. O-O Nd4 12. Nd5 O-O 13. b4 Nxe2+ 14. Qxe2 cxb4 15. Bd2 Rd8 16. a3 Qa4 17. axb4 Qb3 18. Rfb1 Qc2 19. Ne1 1-0

[Event "BSV - Berliner Einzelmeisterschaft 2025 "]
[Site "Berlin, Germany"]
[Date "2025.04.27"]
[Round "9.11"]
[White "Foerster, Jonas"]
[Black "Brustkern, Juergen"]
[Result "1-0"]
[ECO "D31"]
[WhiteElo "2266"]
[BlackElo "2093"]
[PlyCount "69"]
[GameId "2171245339156568"]
[EventDate "2025.??.??"]
[TimeControl "40/6600:1800+30"]

1. d4 d5 2. c4 e6 3. Nc3 c6 4. Nf3 dxc4 5. a4 Bb4 6. e3 b5 7. Be2 Nf6 8. O-O O-O 9. Qc2 a6 10. e4 Bb7 11. e5 Nd5 12. Ng5 g6 13. h4 Nd7 14. h5 Re8 15. Nce4 Nf8 16. Rd1 Qe7 17. b3 c3 18. Rd3 f5 19. exf6 Nxf6 20. hxg6 hxg6 21. Nxf6+ Qxf6 22. Ne4 Qg7 23. Bf4 c5 24. Be5 Bxe4 25. Bxg7 Kxg7 26. dxc5 bxa4 27. Rxa4 a5 28. c6 Bxd3 29. Bxd3 Red8 30. Qe2 Rd5 31. Ra1 Rc8 32. Be4 Rd2 33. Qa6 Rc7 34. Qb6 Bd6 35. Qxa5 1-0

[Event "BSV - Berliner Einzelmeisterschaft 2025 "]
[Site "Berlin, Germany"]
[Date "2025.04.27"]
[Round "9.13"]
[White "Pererva, Viktor"]
[Black "Kreutz, Jonas"]
[Result "1-0"]
[ECO "E67"]
[WhiteElo "2017"]
[BlackElo "2107"]
[PlyCount "107"]
[GameId "2171245339156566"]
[EventDate "2025.??.??"]
[TimeControl "40/6600:1800+30"]

1. c4 Nf6 2. g3 g6 3. Bg2 Bg7 4. Nc3 O-O 5. d4 d6 6. h3 Nbd7 7. Nf3 e5 8. e4 Kh8 9. O-O Ng8 10. Re1 f5 11. exf5 Rxf5 12. g4 Rf8 13. Ng5 Nb6 14. dxe5 h6 15. Nf3 Nxc4 16. Qd3 Nxe5 17. Nxe5 Bxe5 18. Qxg6 Qh4 19. Be3 Rf6 20. Qe4 Re6 21. Qc4 c6 22. f4 Bg7 23. Bf2 Qe7 24. f5 Re5 25. Bg3 d5 26. Qd3 Rxe1+ 27. Rxe1 Qc5+ 28. Bf2 Qd6 29. Bg3 Qc5+ 30. Kh2 Bd7 31. Ne4 Qd4 32. Qxd4 Bxd4 33. Nd6 b5 34. b3 a5 35. h4 Bf6 36. Be5 Bxe5+ 37. Rxe5 a4 38. g5 axb3 39. axb3 hxg5 40. hxg5 Kg7 41. f6+ Nxf6 42. Re7+ Kg6 43. gxf6 Kxf6 44. Rxd7 Rh8+ 45. Bh3 Rh4 46. Nb7 Ke5 47. Rc7 d4 48. Kg3 Rh6 49. Na5 d3 50. Rd7 Rd6 51. Rxd6 Kxd6 52. Nxc6 Kxc6 53. Kf2 Kc5 54. Ke1 1-0

[Event "BSV - Berliner Einzelmeisterschaft 2025 "]
[Site "Berlin, Germany"]
[Date "2025.04.27"]
[Round "9.14"]
[White "Torosyan, Bagrat"]
[Black "Nogly, Christoph"]
[Result "0-1"]
[ECO "C78"]
[WhiteElo "2145"]
[BlackElo "2203"]
[PlyCount "56"]
[GameId "2171245339156573"]
[EventDate "2025.??.??"]
[TimeControl "40/6600:1800+30"]

1. e4 e5 2. Nf3 Nc6 3. Bb5 a6 4. Ba4 Nf6 5. O-O b5 6. Bb3 Bb7 7. Re1 Bc5 8. c3 O-O 9. d4 Bb6 10. Bg5 h6 11. Bh4 d6 12. Qd3 g5 13. Bg3 Re8 14. Nbd2 Nh5 15. a4 Qf6 16. Bd5 Nxg3 17. hxg3 exd4 18. axb5 axb5 19. Qxb5 dxc3 20. bxc3 Rxa1 21. Rxa1 Qxc3 22. Nb3 Rb8 23. Rc1 Qb2 24. Rxc6 Bxc6 25. Qxc6 g4 26. Nfd2 Qf6 27. Qc1 Bxf2+ 28. Kh2 Qe5 0-1

[Event "BSV - Berliner Einzelmeisterschaft 2025 "]
[Site "Berlin, Germany"]
[Date "2025.04.27"]
[Round "9.15"]
[White "Caglar, Ertan"]
[Black "Vollmar, Timo"]
[Result "0-1"]
[ECO "B25"]
[WhiteElo "1836"]
[BlackElo "1882"]
[PlyCount "102"]
[GameId "2171245337800782"]
[EventDate "2025.??.??"]
[TimeControl "40/6600:1800+30"]

1. e4 c5 2. Nc3 Nc6 3. Nge2 g6 4. g3 Bg7 5. Bg2 Nf6 6. O-O O-O 7. d3 d6 8. h3 Ne8 9. f4 f5 10. exf5 gxf5 11. Nd5 Nf6 12. c3 e6 13. Ne3 Qb6 14. Nc4 Qc7 15. Be3 b6 16. Rc1 Bb7 17. Nd2 Rae8 18. d4 Ne7 19. Nf3 Ned5 20. Bf2 Ne4 21. c4 Nxf2 22. Kxf2 Nf6 23. dxc5 Qxc5+ 24. Ke1 Ne4 25. Qb3 Qa5+ 26. Kd1 Bc6 27. Qc2 d5 28. Nfd4 Bb7 29. Bxe4 dxe4 30. Qc3 Qc5 31. b4 Qd6 32. Ke1 Rd8 33. Rd1 e5 34. fxe5 Bxe5 35. a3 Rf6 36. Rd2 Qd7 37. Qe3 Rd6 38. Qg5+ Qg7 39. Qxg7+ Bxg7 40. Nb3 Rxd2 41. Nxd2 Bc8 42. g4 e3 43. Nb3 fxg4 44. hxg4 Bxg4 45. Rf4 h5 46. Ned4 Be5 47. Re4 Bg3+ 48. Kf1 Bf2 49. Nc1 Rf8 50. Nd3 e2+ 51. Nxe2 Bh3# 0-1

[Event "BSV - Berliner Einzelmeisterschaft 2025 "]
[Site "Berlin, Germany"]
[Date "2025.04.27"]
[Round "9.1"]
[White "Teschke, Max"]
[Black "Weber, Daniel"]
[Result "1-0"]
[ECO "B45"]
[WhiteElo "1968"]
[BlackElo "2178"]
[PlyCount "80"]
[GameId "2171245339218014"]
[EventDate "2025.??.??"]
[TimeControl "40/6600:1800+30"]

1. e4 c5 2. Nf3 e6 3. d4 cxd4 4. Nxd4 Nf6 5. Nc3 Nc6 6. Be2 Bb4 7. O-O Bxc3 8. bxc3 Nxe4 9. Nxc6 dxc6 10. Bd3 Nf6 11. Ba3 Qa5 12. Bb4 Qc7 13. c4 c5 14. Bc3 Bd7 15. Re1 Bc6 16. Qd2 O-O-O 17. Be5 Qe7 18. a4 h5 19. h3 Nh7 20. Qa5 b6 21. Qc3 Ng5 22. Re3 Qb7 23. Bxg7 Rhg8 24. Rg3 Ne4 25. Bxe4 Bxe4 26. f3 Bf5 27. Rg5 Rd4 28. Bf6 Rxg5 29. Bxg5 Qa6 30. Be3 Rd8 31. Bg5 Rd4 32. Be3 Rd8 33. a5 Qb7 34. axb6 axb6 35. Bg5 Rd4 36. Bf6 Rd7 37. Qe5 Rd2 38. Bg5 Rd4 39. Qh8+ Kc7 40. Ra8 Bxc2 1-0